 Dungeon Crawl Stone Soup version 0.22-a0-231-g1b571ea (webtiles) character file.

4 ninurtach the Sneak (level 1, -3/9 HPs)
             Began as a Spriggan Enchanter on Feb 20, 2018.
             Slain by a gnoll
             ... wielding a +0 halberd
              (12 damage)
             ... on level 1 of the Dungeon.
             The game lasted 00:01:00 (137 turns).

ninurtach the Sneak (Spriggan Enchanter)             Turns: 137, Time: 00:01:00

Health: -3/9       AC:  2    Str:  4    XL:     1   Next: 50%
Magic:  5/5        EV: 18    Int: 16    God:
Gold:   0          SH:  0    Dex: 16    Spells: 4/5 levels left

rFire    . . .     SeeInvis +   a - +1 dagger
rCold    . . .     Gourm    .   (shield restricted)
rNeg     . . .     Faith    .   b - +0 robe
rPois    .         Spirit   .   (helmet restricted)
rElec    .         Reflect  .   (no cloak)
rCorr    .         Harm     .   (gloves unavailable)
MR       .....                  (boots unavailable)
Stlth    +++.......             (no amulet)
HPRegen  0.03/turn              (no ring)
MPRegen  0.09/turn              (no ring)

@: very quick
A: very small, unfitting armour, see invisible, herbivore, speed 3, slow
metabolism 2
a: no special abilities


You were on level 1 of the Dungeon.
You were not hungry.

You visited 1 branch of the dungeon, and saw 1 of its levels.

Inventory:

Hand Weapons
 a - a +1 dagger (weapon)
Armour
 b - a +0 robe (worn)
Scrolls
 e - a scroll of identify {unknown}
Potions
 d - a potion of berserk rage {unknown}
Comestibles
 c - a ration


   Skills:
 - Level 1.1 Short Blades
 + Level 3.1 Dodging
 + Level 4.5 Stealth
 + Level 2.8 Spellcasting
 * Level 3.8 Hexes


You had 4 spell levels left.
You knew the following spells:

 Your Spells              Type           Power        Failure   Level  Hunger
a - Corona                Hex            ##.....      4%          1    #......


Dungeon Overview and Level Annotations

Branches:
Dungeon (1/15)

Altars:


Innate Abilities, Weirdness & Mutations

You are very small and have problems with some larger weapons.
You are too small for most types of armour.
You have supernaturally acute eyesight. (SInv)
You are a herbivore.
You cover ground extremely quickly.
You need consume almost no food.


Message History

The frilled lizard bites you but does no damage.
You miss the frilled lizard. The frilled lizard closely misses you.
You hit the frilled lizard.
You kill the frilled lizard!
You hit the frilled lizard.
You kill the frilled lizard!
A gnoll comes into view. It is wielding a halberd.
Spoiler Alert: The gnoll (wandering) can hit for moderate damage in melee, and throws nets!
Things that are here:
a frilled lizard corpse; a kobold corpse Spoiler Alert: The gnoll (wandering) can hit for moderate damage in melee, and throws nets!
Spoiler Alert: The gnoll (wandering) can hit for moderate damage in melee, and throws nets!
Spoiler Alert: The gnoll (wandering) can hit for moderate damage in melee, and throws nets!
Spoiler Alert: The gnoll (wandering) can hit for moderate damage in melee, and throws nets!
The gnoll shouts!
You hit the gnoll. The gnoll misses you.
Spoiler Alert: The gnoll can hit for moderate damage in melee, and throws nets!
You barely miss the gnoll. The gnoll hits you with a halberd!
Ouch! That really hurt!
You die...

♣♣♣ ♣♣♣♣♣♣ ≈ ♣♣.♣♣
♣♣♣♣....♣♣♣
≈≈≈♣..)♣♣♣♣.....♣...♣♣
♣≈≈≈..(♣.....♣♣♣♣♣..#
♣♣♣≈≈≈...♣♣♣♣♣ ♣..##
♣♣≈≈≈≈♣♣ ♣♣..#
♣♣♣≈≈≈♣♣♣ ♣♣♣.##
♣♣♣..≈≈≈♣♣♣♣♣♣.†##
♣♣♣...♣♣♣♣♣♣..@..##
♣♣...♣♣♣ ♣♣...g.###
♣♣.♣♣♣♣ ♣♣.....## ..♣♣
♣♣.....## ♣♣♣ ♣.....##
♣♣....# ♣...#(.#
....###.## ...... ..#


You could see a gnoll.

Vanquished Creatures
  A goblin (D:1)
  A kobold (D:1)
  2 frilled lizards (D:1)
4 creatures vanquished.

Notes
Turn   | Place    | Note
-------+----------+-------------------------------------------
     0 | D:1      | ninurtach the Spriggan Enchanter began the quest for the Orb.
     0 | D:1      | Reached XP level 1. HP: 9/9 MP: 5/5
   137 | D:1      | Slain by a gnoll

Vault maps used:
D:1:      kilobyte_arrival_exit_the_forest

Action                   || total
-------------------------++-------
Melee: Dagger            ||    29
Armor: Robe              ||     3
Dodge: Dodged            ||    19

Table legend:
 A = Spawn XP
 B = Non-spawn XP
 C = Spawn XP percentage of total XP
 D = Spawn monster count
 E = Non-spawn monster count
 F = Spawn count percentage of total count
 G = Total turns spent on level
                    A         B        C        D         E        F      G
               +---------+---------+-------+---------+---------+-------+---------
         Total |       0 |       6 |   0.0 |       0 |       4 |   0.0 |   137
               +---------+---------+-------+---------+---------+-------+---------
           D:1 |       0 |       6 |   0.0 |       0 |       4 |   0.0 |   137
               +---------+---------+-------+---------+---------+-------+---------
